 Dungeon Crawl Stone Soup version 0.29.1-1-gd02db6906a (webtiles) character file.

Game seed: 17568202118511950133

45435 EvilAshe the Carver (level 14, 0/114 HPs)
             Began as a Human Fighter on Sept 24, 2022.
             Was an Elder of the Shining One.
             Slain by an ettin
             ... wielding a +1 dire flail of holy wrath
              (9 damage)
             ... on level 1 of the Orcish Mines.
             The game lasted 01:18:43 (37216 turns).

EvilAshe the Carver (Human Fighter)                Turns: 37216, Time: 01:18:44

Health: 0/114      AC: 22    Str: 21    XL:     14   Next: 71%
Magic:  17/17      EV:  5    Int:  9    God:    the Shining One [****..]
Gold:   1181       SH: 23    Dex: 13    Spells: 11/13 levels left

rFire   . . .      SeeInvis .   M - +1 scimitar (vorpal)
rCold   . . .      Faith    .   v - +0 kite shield
rNeg    + + .      Spirit   .   b - +0 plate armour
rPois   +          Reflect  +   (no helmet)
rElec   .          Harm     .   h - +0 cloak
rCorr   .          Rampage  .   q - +0 pair of gloves
Will    ++...                   s - +2 pair of boots
Stlth   ..........              H - amulet of reflection
HPRegen 0.29/turn               c - ring of willpower
MPRegen 0.15/turn               I - ring of poison resistance

@: divinely shielded, glowing
A: no striking features
a: Renounce Religion, Divine Shield, Cleansing Flame


You were on level 1 of the Orcish Mines.
You worshipped the Shining One.
The Shining One was greatly pleased with you.
You visited 4 branches of the dungeon, and saw 19 of its levels.

You collected 1181 gold pieces.

Inventory:

Hand Weapons
 a - a +0 long sword
 j - a +0 long sword
 L - a +0 broad axe of flaming
 M - a +1 vorpal scimitar (weapon)
Missiles
 e - 50 stones
 f - 31 poisoned darts (quivered)
 i - 5 curare-tipped darts
 y - 3 atropa-tipped darts
 G - 2 throwing nets
Armour
 b - a +0 plate armour (worn)
 h - a +0 cloak (worn)
 q - a +0 pair of gloves (worn)
 s - a +2 pair of boots (worn)
 v - a +0 kite shield (worn)
Jewellery
 c - a ring of willpower (left hand)
 H - an amulet of reflection (around neck)
 I - a ring of poison resistance (right hand)
 K - a ring of fire
 O - a ring of magical power
 Q - the ring of Ikypp {Ice Dex+3}
   (You found it on level 3 of the Lair of Beasts)

   [ring of ice]

   It enhances your ice magic.
   Dex:       It affects your dexterity (+3).
   rF:        It makes you vulnerable to fire.
   rC:        It protects you from cold.
Wands
 r - a wand of light (5)
 t - a wand of polymorph (14)
 w - a wand of flame (5)
 C - a wand of roots (8)
 E - a wand of mindburst (9)
 R - a wand of paralysis (10)
Scrolls
 l - 6 scrolls of amnesia
 n - a scroll of fog
 A - a scroll of teleportation
 D - 2 scrolls of magic mapping
 F - 5 scrolls of silence
 J - 4 scrolls of enchant weapon
 S - 2 scrolls of poison
 V - 2 scrolls of enchant armour
Potions
 d - 2 potions of magic
 g - 2 potions of attraction
 k - 3 potions of heal wounds
 m - 5 potions of cancellation
 p - 5 potions of brilliance
 x - 2 potions of berserk rage
 z - a potion of haste
 B - 3 potions of flight
 N - 3 potions of curing
Miscellaneous
 P - a box of beasts (inert)
 U - a phantom mirror


   Skills:
 + Level 11.9 Fighting
 - Level 14.0 Long Blades
 + Level 11.9 Armour
 + Level 8.8 Shields
 + Level 9.2 Translocations
 + Level 4.0 Invocations


You had 11 spell levels left.
You knew the following spells:

 Your Spells              Type           Power      Damage    Failure   Level
a - Blink                 Tloc           32%        N/A       38%         2

Your spell library contained the following spells:

 Spells                   Type           Power      Damage    Failure   Level
 Apportation              Tloc           32%        N/A       28%         1
 Gell's Gravitas          Tloc           16%        N/A       63%         3
 Lesser Beckoning         Tloc           16%        N/A       63%         3
 Teleport Other           Tloc           16%        N/A       63%         3
 Portal Projectile        Hex/Tloc       16%        N/A       99%         3
 Foxfire                  Conj/Fire      0%         2x1d4     100%        1
 Necrotise                Necr           0%         1d4       100%        1
 Shock                    Conj/Air       0%         1d3       100%        1
 Summon Small Mammal      Summ           0%         N/A       100%        1
 Ensorcelled Hibernation  Hex/Ice        0%         N/A       100%        2
 Passwall                 Tmut/Erth      0%         N/A       100%        2
 Sublimation of Blood     Necr           0%         N/A       100%        2
 Conjure Flame            Conj/Fire      0%         6-21      100%        3
 Inner Flame              Hex/Fire       0%         N/A       100%        3
 Swiftness                Air            0%         N/A       100%        3
 Tukima's Dance           Hex            0%         N/A       100%        3
 Airstrike                Air            0%         2d(0-16)  100%        4
 Animate Armour           Summ/Erth      0%         N/A       100%        4
 Flame Wave               Conj/Fire      0%         2d4       100%        4
 Petrify                  Tmut/Erth      0%         N/A       100%        4
 Blade Hands              Tmut           0%         N/A       100%        5
 Irradiate                Conj/Tmut      0%         3d11      100%        5
 Manifold Assault         Tloc           16%        N/A       100%        5
 Summon Forest            Summ/Tloc      4%         N/A       100%        5
 Dispersal                Tloc           8%         N/A       100%        6
 Eringya's Noxious Bog    Tmut/Pois      0%         N/A       100%        6
 Iron Shot                Conj/Erth      0%         9d1       100%        6
 Summon Hydra             Summ           0%         N/A       100%        7
 Disjunction              Tloc           8%         N/A       100%        8


Dungeon Overview and Level Annotations

Branches:
Dungeon (12/15)            Temple (1/1) D:4            Lair (5/5) D:10
  Swamp (0/4) Lair:3       Spider (0/4) Lair:3        Slime (0/5) Lair:4
    Orc (1/2) D:12

Altars:
Ashenzari
Cheibriados
Dithmenos
Fedhas
Gozag
Hepliaklqana
Kikubaaqudgha
Makhleb
Nemelex Xobeh
Qazlal
Ru
Sif Muna
Trog
Uskayaw
Wu Jian
Xom
Yredelemnul
The Shining One
Jiyva

Annotations:
D:4 exclusion: oklob plant
D:7 EtherCrawl's ghost, novice DgEE


Message History

Aim: an ettin, wielding a +1 dire flail of holy wrath and a +0 dire flail (heavily wounded, 94% to hit)
The bolt of light hits the ettin.
The ettin is heavily wounded.
The ettin is blinded.
Aiming: Fastroot
Press: ? - help, Shift-Dir - straight line, f/p - ettin
Aim: an ettin, wielding a +1 dire flail of holy wrath and a +0 dire flail (heavily wounded, blind, haloed)
The roots erupt in riotous growth!
Roots grab the ettin.
The grasping roots constrict the ettin.
The ettin struggles to escape constriction.
Throw: 32 darts (poison)
Press: ? - help, Q - select action, (/) - cycle Shift-Dir - straight line, f/p - ettin
Aim: an ettin, wielding a +1 dire flail of holy wrath and a +0 dire flail (heavily wounded, blind, constricted by roots, haloed, 98% to hit)
You throw a poisoned dart. The poisoned dart hits the ettin.
The ettin is heavily wounded.
The grasping roots constrict the ettin.
The roots release their grip on the ettin.
Aiming: Fastroot
Press: ? - help, Shift-Dir - straight line, f/p - ettin
Aim: an ettin, wielding a +1 dire flail of holy wrath and a +0 dire flail (heavily wounded, blind, haloed)
The roots erupt in riotous growth!
Roots grab the ettin.
The grasping roots constrict the ettin, but do no damage.
The ettin escapes!
Aiming: Fastroot
Press: ? - help, Shift-Dir - straight line, f/p - ettin
Aim: an ettin, wielding a +1 dire flail of holy wrath and a +0 dire flail (heavily wounded, blind, haloed)
The roots erupt in riotous growth!
Roots grab the ettin.
The grasping roots constrict the ettin, but do no damage.
The ettin struggles to escape constriction.
You open the lid... ...and a larval oxshock beast leaps out!
The box is emptied!
The grasping roots constrict the ettin.
The ettin is no longer blind.
The roots release their grip on the ettin.
The ettin attacks as you move away! You block the ettin's attack.
The ettin hits you with a +0 dire flail!
You die...

.# ##...#....)...# #
##..#...#.##.## #.......###...##
# #..............# #
##............##### ##
##.............##.## .#####
####.............#....####
...#.###.###..........#.....###.#
..C...#...#....C@>........###....
##.#.###.#...............#.#....#
##...#.....(..H))..#.........###
##.#)).#.............#.#.#.##
####...#.............###...#
#........#.#........#...## #
#...................###.## #
#......##..........## ### #
##.#.######.........# ###


You could see an ettin (ally target) and a friendly larval oxshock beast
(summoned).

Vanquished Creatures
  6 hydras
  A two-headed ogre (D:10)
  3 catoblepae (Lair:5)
  A boulder beetle (Lair:5)
  5 death yaks
  A deep elf pyromancer (D:12)
  A manticore (Lair:5)
  A cyclops (D:12)
  2 orc sorcerers (Orc:1)
  3 black mambas
  7 elephants
  An eye of devastation (Lair:4)
  6 cane toads
  2 unseen horrors
  2 rime drakes (Lair:3)
  Maggie (D:7)
  7 komodo dragons
  A troll (Orc:1)
  A tyrant leech (Lair:3)
  11 blink frogs
  A hornet (D:8)
  6 slime creatures
  Prince Ribbit (D:5)
  7 dream sheep (Lair:5)
  2 vampires
  A wraith (D:12)
  2 culicivoras (Lair:3)
  58 yaks
  4 wyverns
  3 basilisks
  7 vampire mosquitoes
  4 acid dragons
  5 swamp worms
  13 water moccasins
  A floating eye (Lair:4)
  A swamp drake (D:12)
  7 orc warriors
  3 ice beasts
  3 ogres
  2 centaurs
  5 bullfrogs
  8 kobold brigands
  3 gnoll sergeants
  5 scorpions
  2 necrophages (D:8)
  8 wights
  26 killer bees
  3 howler monkeys
  An electric eel (Lair:1)
  A jelly (D:5)
  2 hounds
  Crazy Yiuf (D:5)
  2 gnoll boudas (D:6)
  10 orc priests
  5 iguanas
  Natasha (thrice) (D:2)
  16 orc wizards
  27 gnolls
  2 adders
  A white imp (D:8)
  An ufetubus (D:6)
  5 worms
  3 dart slugs
  46 orcs
  8 endoplasms
  2 giant cockroaches
  10 goblins
  3 hobgoblins
  8 jackals (D:2)
  5 quokkas
  9 ball pythons
  3 bats
  31 kobolds
  3 rats
462 creatures vanquished.

Vanquished Creatures (collateral kills)
  A hydra (Lair:3)
1 creature vanquished.

Vanquished Creatures (others)
  A manticore (Lair:5)
  A kobold (D:7)
  A butterfly (Lair:4)
  43 fungi
  105 plants
151 creatures vanquished.

Grand Total: 614 creatures vanquished

Notes
Turn   | Place    | Note
-------+----------+-------------------------------------------
     0 | D:1      | EvilAshe the Human Fighter began the quest for the Orb.
     0 | D:1      | Reached XP level 1. HP: 18/18 MP: 1/1
   105 | D:1      | Reached XP level 2. HP: 24/24 MP: 2/2
   166 | D:1      | Found a faded altar of an unknown god.
   666 | D:1      | Reached XP level 3. HP: 29/29 MP: 3/3
  1167 | D:2      | Noticed Natasha
  1184 | D:2      | Killed Natasha
  1185 | D:2      | Reached skill level 3 in Long Blades
  1185 | D:2      | Reached XP level 4. HP: 15/35 MP: 4/4
  1520 | D:2      | Noticed Natasha
  1527 | D:2      | Killed Natasha
  1819 | D:2      | Noticed Natasha
  1845 | D:2      | Killed Natasha
  1846 | D:2      | Reached XP level 5. HP: 12/42 MP: 5/5
  2603 | D:3      | Found a snail-covered altar of Cheibriados.
  3188 | D:4      | Reached skill level 4 in Long Blades
  3335 | D:4      | Found a staircase to the Ecumenical Temple.
  3348 | Temple   | Entered the Ecumenical Temple
  3354 | Temple   | Became a worshipper of the Shining One
  3879 | D:4      | Reached XP level 6. HP: 39/48 MP: 6/6
  4438 | D:4      | Found a sparkling altar of Nemelex Xobeh.
  4439 | D:4      | Found an opulent altar of Gozag.
  4776 | D:4      | Found a blossoming altar of Fedhas.
  4803 | D:4      | Noticed an oklob plant
  5163 | D:5      | Entered Level 5 of the Dungeon
  5238 | D:5      | Noticed an ice beast
  5796 | D:6      | Reached skill level 5 in Long Blades
  5824 | D:6      | Reached XP level 7. HP: 36/55 MP: 7/7
  6849 | D:6      | Reached * piety under the Shining One
  6944 | D:5      | Reached skill level 5 in Fighting
  6944 | D:5      | Reached skill level 6 in Long Blades
  6944 | D:5      | Reached skill level 5 in Armour
  7179 | D:5      | Reached XP level 8. HP: 49/62 MP: 8/8
  7504 | D:5      | Found a stormy altar of Qazlal.
  7525 | D:5      | Found a runed translucent door.
  7526 | D:5      | Noticed Crazy Yiuf
  8206 | D:7      | Found a runed translucent door.
  8207 | D:7      | Found a shimmering altar of Xom.
  8207 | D:7      | Noticed EtherCrawl's ghost (novice DgEE)
  8207 | D:7      | Noticed a +2 mace of chaos
  8443 | D:6      | Reached skill level 7 in Long Blades
  9082 | D:6      | Reached XP level 9. HP: 57/69 MP: 9/9
  9548 | D:6      | Reached skill level 8 in Long Blades
 10022 | D:5      | Found a broken altar of Ashenzari.
 10023 | D:5      | Noticed Prince Ribbit
 10041 | D:5      | Killed Prince Ribbit
 10198 | D:5      | Found an ornate altar of the Wu Jian Council.
 10592 | D:5      | Killed Crazy Yiuf
 11457 | D:7      | Reached skill level 9 in Long Blades
 11938 | D:7      | Noticed Maggie
 12078 | D:8      | Reached ** piety under the Shining One
 12314 | D:7      | Reached XP level 10. HP: 74/79 MP: 10/10
 12341 | D:7      | Killed Maggie
 12523 | D:7      | Learned a level 2 spell: Blink
 13149 | D:8      | Found a burning altar of Makhleb.
 13193 | D:8      | Reached skill level 10 in Long Blades
 13193 | D:8      | Reached skill level 1 in Translocations
 15236 | D:9      | Found a basalt altar of Yredelemnul.
 16519 | D:10     | Entered Level 10 of the Dungeon
 16846 | D:10     | Reached skill level 11 in Long Blades
 16846 | D:10     | Reached XP level 11. HP: 62/86 MP: 11/11
 17550 | D:10     | Found a staircase to the Lair.
 17555 | D:10     | Noticed a two-headed ogre
 17580 | D:10     | Killed a two-headed ogre
 18268 | D:10     | Identified the +3 war axe of Coketogh {flame, Str+4}
 18589 | D:10     | Found a hazy altar of Hepliaklqana.
 19894 | D:11     | Reached *** piety under the Shining One
 20222 | D:11     | Reached skill level 12 in Long Blades
 20761 | D:11     | Got the Essays on Peregrination
 21364 | Lair:1   | Entered Level 1 of the Lair of Beasts
 21420 | Lair:1   | Reached skill level 5 in Translocations
 21743 | Lair:1   | Reached XP level 12. HP: 85/95 MP: 12/12
 23145 | Lair:3   | Identified the ring of Ikypp {Ice Dex+3}
 24307 | Lair:3   | Reached skill level 5 in Shields
 24578 | Lair:3   | Found a hole to the Spider Nest.
 24702 | Lair:3   | Reached skill level 13 in Long Blades
 24822 | Lair:3   | Noticed a seven-headed hydra
 24857 | Lair:5   | Entered Level 5 of the Lair of Beasts
 25480 | Lair:4   | Reached **** piety under the Shining One
 25754 | Lair:3   | Killed a six-headed hydra
 25869 | Lair:3   | Noticed a four-headed hydra
 25891 | Lair:3   | Killed a one-headed hydra
 25892 | Lair:3   | Reached skill level 10 in Fighting
 25892 | Lair:3   | Reached skill level 10 in Armour
 26186 | Lair:3   | Found a staircase to the Swamp.
 26284 | Lair:3   | Reached XP level 13. HP: 22/103 MP: 13/13
 27316 | Lair:4   | Found a staircase to the Slime Pits.
 27322 | Lair:4   | Found a viscous altar of Jiyva.
 27325 | Lair:4   | Paralysed by a floating eye for 3 turns
 28357 | Lair:5   | Reached skill level 14 in Long Blades
 29137 | Lair:5   | Noticed a seven-headed hydra
 29147 | Lair:5   | Killed a four-headed hydra
 29510 | Lair:5   | Noticed a boulder beetle
 29635 | Lair:5   | Killed a boulder beetle
 30229 | Lair:5   | Noticed a four-headed hydra
 30564 | Lair:5   | Noticed an eight-headed hydra
 30741 | Lair:5   | Noticed a five-headed hydra
 30758 | Lair:5   | Killed a one-headed hydra
 30840 | Lair:5   | Killed a one-headed hydra
 31005 | Lair:5   | Identified the +6 sling of the Well-Known Violins {vorpal,
                  | rN+ Str+2 Dex-2}
 31051 | Lair:5   | Killed a one-headed hydra
 31052 | Lair:5   | Reached XP level 14. HP: 60/113 MP: 14/14
 32688 | Lair:5   | Reached skill level 1 in Invocations
 34656 | D:7      | HP: 5/113 [+2 mace of chaos (3)]
 36383 | D:12     | Found a staircase to the Orcish Mines.
 36418 | Orc:1    | Entered Level 1 of the Orcish Mines
 36677 | Orc:1    | Paralysed by an orc sorcerer for 2 turns
 37191 | Orc:1    | HP: 2/114 [ettin/+1 dire flail of holy wrath (29)]
 37216 | Orc:1    | Slain by an ettin

Illustrated notes

Levels and vault maps discovered:
D:1:      minmay_arrival_hallway, layout_basic, basic_ecumenical_altar
D:2:      layout_loops_ring, uniq_natasha
D:3:      layout_loops_ring, kennysheep_slug_shrine
D:4:      layout_gridville, grunt_temple_overflow_opulence, tgw_fedhas,
          minmay_temple_entry_grid
D:5:      layout_loops_cross, kennysheep_mini_moat,
          mainiacjoe_overflow_catch_the_wave, uniq_prince_ribbit1,
          uniq_crazy_yiuf_cottage
D:6:      layout_gridville
D:7:      layout_loops_ring, ebering_ghost_xom, uniq_maggie
D:8:      layout_cave_pools, mainiacjoe_overflow_chevrons, nzn_life_drinkers
D:9:      layout_layer_cave, mainiacjoe_overflow_cross_hatched
D:10:     layout_basic, lemuel_coloured_pillars_altar, dpeg_oklobed_lair
D:11:     layout_layer_cave
D:12:     layout_loops_ring, erik_orc_1, evilmike_butchery
Temple:   hellmonk_temple_two_chambers
Lair:1:   layout_regular_city, serial_bayou_shore_a, serial_bayou_shore_b
Lair:2:   layout_regular_city, lemuel_fruit_fields
Lair:3:   layout_chaotic_city, palyth_hydra_swamp_entry,
          hellmonk_spider_entry_life_and_decay
Lair:4:   layout_loops_ring, minmay_slime_entry_eyes,
          chequers_serial_rivers_micro_c, worms_lemuel, lemuel_fruit_fields
Lair:5:   evilmike_catoblepas_cave, layout_gridlike
Orc:1:    layout_caves, serial_shops, nicolae_shop_bloodbath_and_beyond

Skill      XL: |  1  2  3  4  5  6  7  8  9 10 11 12 13 14 |
---------------+-------------------------------------------+-----
Long Blades    | 3 4 5 6 7 9 11 12 13 14 | 14.0
Fighting       | 4 5 7 8 9 10 11 | 11.9
Armour         | 4 5 7 8 9 10 11 | 11.9
Translocations | 3 5 6 8 9 |  9.2
Shields        | 4 5 7 8 |  8.8
Invocations    | 4 |  4.0

Action                   |  1- 3 |  4- 6 |  7- 9 | 10-12 | 13-15 || total
-------------------------+-------+-------+-------+-------+-------++-------
Melee: Long sword        |    82 |   202 |   414 |   288 |       ||   986
       Scimitar          |       |       |       |   659 |   779 ||  1438
       Broad axe         |       |       |       |     8 |    28 ||    36
Throw: Dart              |       |    46 |    52 |    97 |   107 ||   302
       Stone             |       |    15 |    18 |     4 |    13 ||    50
Invok: Divine Shield     |       |       |       |       |     2 ||     2
Evoke: Wand              |       |     1 |    12 |     7 |     5 ||    25
       Box of beasts     |       |       |       |     1 |     2 ||     3
       Phantom mirror    |       |       |       |       |     1 ||     1
  Use: Potion            |     1 |     3 |     2 |     5 |       ||    11
       Scroll            |       |     3 |     4 |    18 |     8 ||    33
Armor: Scale mail        |    37 |    39 |       |       |       ||    76
       Skin              |       |    11 |     8 |       |       ||    19
       Chain mail        |       |    31 |   171 |    57 |       ||   259
       Plate armour      |       |       |       |   381 |   346 ||   727
Dodge: Dodged            |    23 |    54 |   115 |   194 |   117 ||   503
Block: Buckler           |    17 |    38 |    81 |   200 |       ||   336
       Reflection        |       |       |     2 |     5 |     5 ||    12
       Kite shield       |       |       |       |   338 |   507 ||   845
